 Dungeon Crawl Stone Soup version 0.28.0-49-g6dfe1f597d (webtiles) character file.

Game seed: 9593392540936002964

933 pkoi the Chiller (level 7, -2/50 HPs)
             Began as a Demigod Ice Elementalist on May 12, 2022.
             Killed by an exploding hound (30 damage)
             ... ignited by their inner flame
             ... on level 6 of the Dungeon.
             The game lasted 00:11:11 (7750 turns).

pkoi the Chiller (Demigod Ice Elementalist)         Turns: 7750, Time: 00:11:14

Health: -2/50      AC:  5    Str: 15    XL:     7   Next: 55%
Magic:  9/14       EV: 12    Int: 25    God:
Gold:   303        SH:  0    Dex: 14    Spells: 2/12 levels left

rFire   . . .      SeeInvis .   n - +0 fustibalus (vorpal)
rCold   . . .      Faith    .   (no shield)
rNeg    . . .      Spirit   .   a - +0 robe
rPois   .          Reflect  .   (no helmet)
rElec   .          Harm     .   l - +0 cloak
rCorr   .          Rampage  .   f - +1 pair of gloves
Will    .....                   (no boots)
Stlth   ++........              p - amulet of regeneration
HPRegen 0.96/turn               u - +6 ring of strength
MPRegen 0.14/turn               w - ring of wizardry

@: no status effects
A: high MP 1, forlorn, divine attributes
a: no special abilities


You were on level 6 of the Dungeon.
You visited 1 branch of the dungeon, and saw 6 of its levels.

You collected 303 gold pieces.

Inventory:

Hand Weapons
 b - a +3 trident
 c - a +0 dagger
 d - a +0 dagger of protection
 h - a +0 hunting sling
 n - a +0 vorpal fustibalus (weapon)
 v - a +2 spear of venom
Missiles
 i - 104 stones (quivered ammo)
 j - 4 poisoned darts
 y - 39 sling bullets
 z - a throwing net
Armour
 a - a +0 robe (worn)
 f - a +1 pair of gloves (worn)
 l - a +0 cloak (worn)
 s - a +2 buckler
 x - a +0 pair of boots
Jewellery
 p - an amulet of regeneration (around neck)
 u - a +6 ring of strength (left hand)
 w - a ring of wizardry (right hand)
Wands
 m - a wand of flame (39)
 o - a wand of mindburst (11)
Scrolls
 e - 4 scrolls of identify
 q - a scroll of blinking
 r - a scroll of teleportation {unknown}
Potions
 g - a potion of heal wounds
 k - a potion of curing
 t - a potion of attraction {unknown}


   Skills:
 - Level 2.0 Polearms
 - Level 1.7 Dodging
 - Level 1.7 Stealth
 - Level 2.0 Shields
 + Level 3.0 Spellcasting
 + Level 2.1 Hexes
 + Level 2.1 Fire Magic
 * Level 6.4 Ice Magic
 + Level 2.6 Evocations


You had 2 spell levels left.
You knew the following spells:

 Your Spells              Type           Power      Damage    Failure   Level
a - Freeze                Ice            100%       1d11      1%          1
b - Frozen Ramparts       Ice            72%        1d9       1%          3
c - Ozocubu's Armour      Ice            36%        N/A       1%          3
d - Inner Flame           Hex/Fire       14%        N/A       4%          3

Your spell library contained the following spells:

 Spells                   Type           Power      Damage    Failure   Level
 Sting                    Tmut/Pois      12%        1d3       4%          1
 Poisonous Vapours        Pois/Air       6%         N/A       6%          2
 Hailstorm                Conj/Ice       19%        3d6       11%         4
 Cause Fear               Hex            7%         N/A       16%         4
 Olgreb's Toxic Radiance  Pois           3%         N/A       36%         4
 Discord                  Hex            7%         N/A       100%        8


Dungeon Overview and Level Annotations

Branches:
Dungeon (6/15)
 Temple: D:4-7


Innate Abilities, Weirdness & Mutations

You have an increased reservoir of magic. (+10% MP)
You shall have no god before yourself.
Your divine heritage dramatically boosts your attributes as you level up.


Message History

The wyvern skeleton is engulfed in blazing flames.
The wyvern skeleton explodes!
The fiery explosion engulfs you!!
* * * LOW HITPOINT WARNING * * *
You hear a bark!
You hear a croak.
You hear an angry hiss.
A hound comes into view.
There is a stone staircase leading up here.
Casting: Inner Flame (dangerous; 4% risk of failure)
Confirm with . or Enter, or press ? or * to list all spells.
Aiming: Inner Flame (dangerous; 4% risk of failure)
Press: ? - help, Dir - move target, f - hound
Aim: a hound (chance to affect: 75%)
The hound is filled with an inner flame.
Unknown command.
You are too injured to fight recklessly!
You are too injured to fight recklessly!
You start resting.
A hound is nearby!
You are too injured to fight recklessly!
You are too injured to fight recklessly!
Fire: 106 stones
Press: ? - help, Q - select action, (/) - cycle Shift-Dir - straight line, f/p - hound
Aim: a hound (inner flame, 38% to hit)
You shoot a stone. The stone closely misses the hound.
The hound bites you.
* * * LOW HITPOINT WARNING * * *
Unknown command.
Fire: 105 stones
Press: ? - help, Q - select action, (/) - cycle Shift-Dir - straight line, f/p - hound
Aim: a hound (inner flame, 38% to hit)
You shoot a stone. The stone hits the hound.
Flame seeps out of the hound. x2
The hound is moderately wounded.
The hound is engulfed in blazing flames.
Flame seeps out of the hound.
The hound bites you.
* * * LOW HITPOINT WARNING * * *
The hound is engulfed in blazing flames.
The hound explodes!
The fiery explosion engulfs you!!
Ouch! That really hurt!
You die...

#[..... #.. #.###.# #...
#.# #.# #... ###.# #..
#... #...# ### #...######
#.### ### ####........##
#.# #..
.............####.#####..
........@<........#......
......§○.....###....###..
###.§§§....## ##.### #..
#..(###### #..# ### #...
#.####### #... #.......#
#... #..####.# #(..
#..####.# ..>. #....##.##


There were no monsters in sight!

Vanquished Creatures
  A black bear (D:5)
  A necrophage (D:4)
  A bullfrog (D:5)
  A scorpion (D:4)
  2 wyvern skeletons
  A bullfrog zombie (D:5)
  3 hounds
  An orc priest (D:3)
  A centaur zombie (D:5)
  A bullfrog skeleton (D:4)
  A centaur skeleton (D:5)
  2 orc wizards (D:3)
  An iguana (D:5)
  4 gnolls (D:3)
  8 adders
  A white imp (D:5)
  An ufetubus (D:5)
  An adder skeleton (D:4)
  3 worms
  3 dart slugs
  11 orcs
  5 endoplasms
  7 giant cockroaches
  6 goblins
  8 hobgoblins
  4 jackals (D:1)
  6 kobolds
  A quokka (D:1)
  8 ball pythons
  6 bats
  2 frilled lizards
  5 rats
107 creatures vanquished.

Notes
Turn   | Place    | Note
-------+----------+-------------------------------------------
     0 | D:1      | pkoi the Demigod Ice Elementalist began the quest for the
                  | Orb.
     0 | D:1      | Reached XP level 1. HP: 14/14 MP: 5/5
    85 | D:1      | Reached skill level 4 in Ice Magic
    85 | D:1      | Reached XP level 2. HP: 3/20 MP: 1/7
   917 | D:1      | You fall into a shaft and drop 1 floor!
  1334 | D:2      | Reached XP level 3. HP: 25/26 MP: 5/9
  1342 | D:2      | Learned a level 3 spell: Frozen Ramparts
  2478 | D:2      | Reached XP level 4. HP: 31/33 MP: 6/10
  3011 | D:3      | Reached skill level 5 in Ice Magic
  3286 | D:3      | Reached XP level 5. HP: 38/38 MP: 8/12
  3495 | D:3      | Learned a level 3 spell: Ozocubu's Armour
  3696 | D:3      | Reached skill level 1 in Evocations
  4136 | D:3      | Learned a level 3 spell: Inner Flame
  5329 | D:4      | Reached skill level 1 in Shields
  5329 | D:4      | Reached XP level 6. HP: 45/45 MP: 7/13
  5337 | D:4      | Reached skill level 1 in Polearms
  5564 | D:4      | Reached skill level 1 in Fire Magic
  5680 | D:4      | Reached skill level 1 in Hexes
  6143 | D:5      | Entered Level 5 of the Dungeon
  6366 | D:5      | Reached skill level 6 in Ice Magic
  6770 | D:5      | Reached XP level 7. HP: 50/50 MP: 10/14
  7750 | D:6      | Killed by an exploding hound... ignited by their inner
                  | flame

Illustrated notes

Levels and vault maps discovered:
D:1:      wheals_arrival_shading, layout_rooms
D:2:      minmay_chambers_of_ones, layout_basic,
          hellmonk_ecumenical_altar_arch_garden
D:3:      layout_loops_ring
D:4:      layout_cave_pools, minmay_misc_feat_more_columns,
          minmay_strange_pillars, minmay_statues_item
D:5:      layout_loops_cross
D:6:      layout_loops_cross, serial_shops, shop

Skill      XL: |  1  2  3  4  5  6  7 |
---------------+----------------------+-----
Spellcasting   | 2 3 |  3.0
Ice Magic      | 4 5 6 |  6.4
Evocations     | 1 2 |  2.6
Shields        | 1 2 |  2.0
Polearms       | 1 2 |  2.0
Fire Magic     | 1 2 |  2.1
Hexes          | 1 2 |  2.1
Dodging        | |  1.7
Stealth        | |  1.7

Action                   |  1- 3 |  4- 6 |  7- 9 || total
-------------------------+-------+-------+-------++-------
Melee: Dagger            |    47 |    40 |       ||    87
       Unarmed           |     1 |       |       ||     1
       Punch             |     1 |       |       ||     1
       Spear             |       |    15 |     2 ||    17
 Fire: Fustibalus        |       |    52 |    21 ||    73
       Hunting sling     |       |     4 |       ||     4
 Cast: Freeze            |    61 |    10 |       ||    71
       Frozen Ramparts   |       |    22 |     3 ||    25
       Ozocubu's Armour  |       |    12 |     3 ||    15
       Inner Flame       |       |     7 |     5 ||    12
  Use: Scroll            |       |    10 |       ||    10
 Stab: Sleeping          |     2 |     3 |       ||     5
Armor: Robe              |    35 |    36 |     5 ||    76
Dodge: Dodged            |    74 |    45 |     8 ||   127
